 Dungeon Crawl Stone Soup version 0.29-a0-1009-g60c99734e7 (webtiles) character file.

Game seed: 383820480546037379

41 nickcage the Cudgeller (level 3, -1/31 HPs)
             Began as a Minotaur Monk on Aug 8, 2022.
             Slain by a quokka (3 damage)
             ... on level 2 of the Dungeon.
             The game lasted 00:01:07 (655 turns).

nickcage the Cudgeller (Minotaur Monk)               Turns: 655, Time: 00:01:08

Health: -1/31      AC:  2    Str: 17    XL:     3   Next: 32%
Magic:  2/2        EV: 12    Int:  7    God:
Gold:   64         SH:  0    Dex: 12    Spells: 2/2 levels left

rFire   . . .      SeeInvis .   d - +1 mace (holy)
rCold   . . .      Faith    .   (no shield)
rNeg    . . .      Spirit   .   b - +0 robe
rPois   .          Reflect  .   (helmet restricted)
rElec   .          Harm     .   (no cloak)
rCorr   .          Rampage  .   (no gloves)
Will    .....                   (no boots)
Stlth   ++........              (no amulet)
HPRegen 0.10/turn               (no ring)
MPRegen 0.08/turn               (no ring)

@: no status effects
A: horns 2, retaliatory headbutt
a: no special abilities


You were on level 2 of the Dungeon.
You visited 1 branch of the dungeon, and saw 2 of its levels.

You collected 64 gold pieces.

Inventory:

Hand Weapons
 a - a +0 mace
 d - a +1 mace of holy wrath (weapon)
Missiles
 e - 2 javelins (quivered)
Armour
 b - a +0 robe (worn)
Scrolls
 f - a scroll of amnesia {unknown}
 g - a scroll of identify {unknown}
 h - a scroll of teleportation {unknown}
Potions
 c - a potion of ambrosia


   Skills:
 - Level 3.6 Fighting
 + Level 5.4 Maces & Flails
 - Level 3.2 Dodging
 - Level 1.5 Stealth


You had 2 spell levels left.
You didn't know any spells.
Your spell library was empty.

Dungeon Overview and Level Annotations

Branches:
Dungeon (2/15)

Altars:

Annotations:
D:2 Natasha


Innate Abilities, Weirdness & Mutations

You have a pair of horns on your head.
You reflexively headbutt those who attack you in melee.


Message History

The javelin barely misses the endoplasm.
Natasha, Servant of Life and Death comes into view.
Natasha hisses angrily.
Jessica barely misses you.
You hit Jessica. You headbutt Jessica.
Jessica is severely wounded.
Jessica mumbles some strange words.
Jessica blinks!
You barely miss Jessica.
Jessica is severely wounded.
A quokka comes into view.
The endoplasm barely misses you. You furiously retaliate!
You headbutt the endoplasm!
You kill the endoplasm!
Jessica hits you with a +0 dagger.
You sock Jessica!
You kill Jessica!
Natasha stares at you and mumbles some strange words.
The magic dart hits you.
Your Maces & Flails skill increases to level 5!
You have reached level 3!
Your experience leads to an increase in your attributes!
Increase (S)trength, (I)ntelligence, or (D)exterity?
You feel stronger. x2
Natasha barely misses you.
You closely miss Natasha. Your headbutt misses Natasha.
Natasha growls.
Natasha claws you.
Natasha stares at you and mumbles some strange words.
The magic dart hits you!
You barely miss Natasha.
A bat comes into view.
The quokka closely misses you. Natasha claws you.
* * * LOW HITPOINT WARNING * * *
You barely miss Natasha. The quokka closely misses you. Natasha claws you.
* * * LOW HITPOINT WARNING * * *
You hit Natasha.
Natasha is lightly wounded.
The quokka bites you.
You die...

#........#
#........#
#........#
#........####
####.###....#
#.# #....#
#..
#)...##### ##
#.........
#.@..###..
#rh..# ##.###
#.# .(# ..#
... ....


You could see Natasha and a quokka.

Vanquished Creatures
  Jessica (D:2)
  4 bats (D:1)
  3 endoplasms
  2 goblins (D:1)
  A hobgoblin (D:1)
  A quokka (D:1)
  A rat (D:1)
13 creatures vanquished.

Notes
Turn   | Place    | Note
-------+----------+-------------------------------------------
     0 | D:1      | nickcage the Minotaur Monk began the quest for the Orb.
     0 | D:1      | Reached XP level 1. HP: 19/19 MP: 0/0
    58 | D:1      | Reached skill level 4 in Maces & Flails
   138 | D:1      | Reached XP level 2. HP: 11/26 MP: 1/1
   643 | D:2      | Noticed Jessica
   646 | D:2      | Noticed Natasha
   650 | D:2      | Killed Jessica
   651 | D:2      | Reached skill level 5 in Maces & Flails
   651 | D:2      | Reached XP level 3. HP: 21/31 MP: 2/2
   655 | D:2      | Slain by a quokka

Illustrated notes

Levels and vault maps discovered:
D:1:      minmay_arrival_three_doors, layout_rooms
D:2:      layout_rooms, basic_altar, minmay_fractal_squares_gapless_5,
          uniq_robin, uniq_natasha, uniq_sigmund, uniq_jessica

Skill      XL: |  1  2 |
---------------+-------+-----
Maces & Flails | 4 5 |  5.4
Fighting       | |  3.6
Dodging        | |  3.2
Stealth        | |  1.5

Action                   || total
-------------------------++-------
Melee: Mace              ||    23
       Headbutt          ||     4
Throw: Javelin           ||     1
 Stab: Sleeping          ||     1
Armor: Robe              ||     6
Dodge: Dodged            ||    14

Table legend: (Time is in decaauts)
 A = Elapsed time spent in this place.
 B = Non-inter-level travel time spent in this place.
 C = Inter-level travel time spent in this place.
 D = Time resting spent in this place.
 E = Time spent auto-exploring this place.
 F = Levels seen in this place.
 G = Mean time per level.
                   A        B        C        D        E       F      G
               +--------+--------+--------+--------+--------+-----+--------+
         Total |    658 |    634 |     24 |      0 |    551 |   2 |  329.0 |
       Dungeon |    658 |    634 |     24 |      0 |    551 |   2 |  329.0 |
               +--------+--------+--------+--------+--------+-----+--------+

Top non-repeatable levels by time:
     D:1: 636 daAuts
     D:2: 22 daAuts
